TOP OF THE 1ST |
New Jersey Devils batting - Pitching for Canton Indians : LHP Enrique Espinoza
|
Pitching: LHP Enrique Espinoza
|
|
Batting: RHB Eric Zylstra
|
0-0: Ball 1-0: Called Strike 1-1: Swinging Strike 1-2: Strikes out swinging
|
Batting: RHB Sam Callahan
|
0-0: Ball 1-0: Ball 2-0: Swinging Strike 2-1: Foul Ball, location: 2F 2-2: Ball 3-2: Foul Ball, location: 2F 3-2: SINGLE (Line Drive, 9S, EV 103.8 MPH)
|
Batting: RHB Nate Henderson
|
0-0: Ball 1-0: Foul Ball, location: 2F 1-1: Ball 2-1: Ball 3-1: Called Strike 3-2: Foul Ball, location: 2F 3-2: Fly out, F8 (Line Drive, 8LM, EV 98.1 MPH)
|
Batting: RHB Bill Crogan
|
0-0: Swinging Strike 0-1: Called Strike 0-2: Strikes out looking
|
Top of the 1st over - 0 runs, 1 hit, 0 errors, 1 left on base; New Jersey 0 - Canton 0 |
BOTTOM OF THE 1ST |
Canton Indians batting - Pitching for New Jersey Devils : RHP Frank Emery
|
Pitching: RHP Frank Emery
|
|
Batting: RHB George Wagner
|
0-0: Ball 1-0: Ball 2-0: Bunted foul 2-1: SOLO HOME RUN (Line Drive, 7LD, EV 93.8 MPH), Distance : 351 ft
|
Batting: RHB Tacito Carreiro
|
0-0: Called Strike 0-1: Ball 1-1: Called Strike 1-2: Ball 2-2: Foul Ball, location: 2F 2-2: Ground out 5-3 (Groundball, 56S, EV 80.0 MPH)
|
Batting: LHB Dave Key
|
0-0: Ball 1-0: Ball 2-0: Ball 3-0: Base on Balls
|
Batting: SHB Javon Mitchell
|
0-0: Called Strike 0-1: Ball 1-1: Ball 2-1: Ball 3-1: Base on Balls Dave Key to second
|
Batting: RHB Jose Argueta
|
0-0: Ball 1-0: Called Strike 1-1: Fielders Choice at 2nd, 5-4 (Groundball, 25, EV 80.6 MPH) Dave Key to third
|
Batting: SHB Luis de Leon
|
0-0: Ball Passed Ball! Dave Key scores Jose Argueta to second 1-0: Ball 2-0: Called Strike 2-1: Ball 3-1: Foul Ball, location: 2F 3-2: Base on Balls
|
Batting: RHB Jose Rodriguez
|
0-0: Called Strike 0-1: Ball 1-1: Fly out, F8 (Flyball, 8LS, EV 93.1 MPH)
|
Bottom of the 1st over - 2 runs, 1 hit, 0 errors, 2 left on base; New Jersey 0 - Canton 2 |
TOP OF THE 2ND |
New Jersey Devils batting - Pitching for Canton Indians : LHP Enrique Espinoza
|
Batting: RHB Juan Medina
|
0-0: Ball 1-0: Ball 2-0: Called Strike 2-1: Swinging Strike 2-2: Foul Ball, location: 2F 2-2: Foul Ball, location: 2F 2-2: Ground out 3-1 (Groundball, 34S, EV 86.2 MPH)
|
Batting: LHB Joe Edwards
|
0-0: Called Strike 0-1: Swinging Strike 0-2: Strikes out looking
|
Batting: LHB Antonio Davila
|
0-0: Foul Ball, location: 2F 0-1: Ball 1-1: Swinging Strike 1-2: Foul Ball, location: 2F 1-2: Strikes out swinging
|
Top of the 2nd over - 0 runs, 0 hits, 0 errors, 0 left on base; New Jersey 0 - Canton 2 |
BOTTOM OF THE 2ND |
Canton Indians batting - Pitching for New Jersey Devils : RHP Frank Emery
|
Batting: RHB Leo Villa
|
0-0: Fly out, F9 (Line Drive, 9S, EV 97.5 MPH)
|
Batting: RHB Xavier Bartolani
|
0-0: Ball 1-0: Called Strike 1-1: Foul Ball, location: 2F 1-2: Ball 2-2: Strikes out looking
|
Batting: RHB George Wagner
|
0-0: Ball 1-0: Ball 2-0: Called Strike 2-1: Ball 3-1: SINGLE (Line Drive, 4D, EV 93.8 MPH)
|
Batting: RHB Tacito Carreiro
|
0-0: Ball 1-0: Swinging Strike 1-1: Ball Wild Pitch! George Wagner to second 2-1: DOUBLE (Line Drive, 89D, EV 105.6 MPH) George Wagner scores
|
Batting: LHB Dave Key
|
0-0: Called Strike 0-1: Foul Ball, location: 2F 0-2: Ball 1-2: 2-RUN HOME RUN (Flyball, 78XD, EV 110.6 MPH), Distance : 415 ft
|
Batting: SHB Javon Mitchell
|
0-0: Foul Ball, location: 2F 0-1: Ball 1-1: Ground out 4-3 (Groundball, 4, EV 85.6 MPH)
|
Bottom of the 2nd over - 3 runs, 3 hits, 0 errors, 0 left on base; New Jersey 0 - Canton 5 |
TOP OF THE 3RD |
New Jersey Devils batting - Pitching for Canton Indians : LHP Enrique Espinoza
|
Batting: RHB Jeremy Delka
|
0-0: Ball 1-0: Ball 2-0: Ball 3-0: Base on Balls
|
Batting: RHB Emanuel Anochondo
|
0-0: Sac Bunt to 2L - play at first, batter OUT! 2-3 Jeremy Delka to second
|
Batting: RHB Eric Zylstra
|
0-0: Ground out 6-3 (Groundball, 6S, EV 83.8 MPH)
|
Batting: RHB Sam Callahan
|
0-0: Called Strike 0-1: Ball 1-1: Ball 2-1: Foul Ball, location: 2F 2-2: Foul Ball, location: 2F 2-2: Ground out 3-1 (Groundball, 34, EV 108.1 MPH)
|
Top of the 3rd over - 0 runs, 0 hits, 0 errors, 1 left on base; New Jersey 0 - Canton 5 |
BOTTOM OF THE 3RD |
Canton Indians batting - Pitching for New Jersey Devils : RHP Frank Emery
|
Batting: RHB Jose Argueta
|
0-0: Ball 1-0: Ball 2-0: Swinging Strike 2-1: DOUBLE (Line Drive, 78XD, EV 98.1 MPH)
|
Batting: SHB Luis de Leon
|
0-0: Ball 1-0: Ball 2-0: Ball 3-0: Called Strike 3-1: Base on Balls
|
Batting: RHB Jose Rodriguez
|
0-0: Fly out, F8 (Line Drive, 8RD, EV 91.9 MPH)
|
Batting: RHB Leo Villa
|
0-0: Called Strike 0-1: Foul Ball, location: 2F 0-2: Strikes out swinging
|
Batting: RHB Xavier Bartolani
|
0-0: Ball 1-0: Ball 2-0: Called Strike 2-1: Foul Ball, location: 2F 2-2: Fly out, F8 (Line Drive, 8LM, EV 86.9 MPH)
|
Bottom of the 3rd over - 0 runs, 1 hit, 0 errors, 2 left on base; New Jersey 0 - Canton 5 |
TOP OF THE 4TH |
New Jersey Devils batting - Pitching for Canton Indians : LHP Enrique Espinoza
|
Batting: RHB Nate Henderson
|
0-0: Called Strike 0-1: Foul Ball, location: 2F 0-2: Foul Ball, location: 2F 0-2: Ball 1-2: Foul Ball, location: 2F 1-2: Ball 2-2: Ball 3-2: Ground out 6-3 (Groundball, 6, EV 84.4 MPH)
|
Batting: RHB Bill Crogan
|
0-0: Called Strike 0-1: Ball 1-1: Foul Ball, location: 2F 1-2: Ball 2-2: Strikes out swinging
|
Batting: RHB Juan Medina
|
0-0: Called Strike 0-1: Ball 1-1: Swinging Strike 1-2: Strikes out looking
|
Top of the 4th over - 0 runs, 0 hits, 0 errors, 0 left on base; New Jersey 0 - Canton 5 |
BOTTOM OF THE 4TH |
Canton Indians batting - Pitching for New Jersey Devils : RHP Frank Emery
|
Batting: RHB George Wagner
|
0-0: Ball 1-0: Ground out 4-3 (Groundball, 4, EV 104.4 MPH)
|
Batting: RHB Tacito Carreiro
|
0-0: Ball 1-0: Swinging Strike 1-1: Ball 2-1: Ball 3-1: Base on Balls
|
Batting: LHB Dave Key
|
0-0: Ball 1-0: Called Strike 1-1: Ball 2-1: Ball 3-1: Base on Balls Tacito Carreiro to second
|
Batting: SHB Javon Mitchell
|
0-0: Called Strike 0-1: Called Strike 0-2: Ball 1-2: Ball Wild Pitch! Tacito Carreiro to third Dave Key to second 2-2: Ball 3-2: Base on Balls
|
Batting: RHB Jose Argueta
|
0-0: Foul Ball, location: 2F 0-1: Fly out, F7 (Flyball, 78M, EV 98.8 MPH) Runner from 3rd tags up, SCORES, throw by LF
|
Batting: SHB Luis de Leon
|
0-0: Swinging Strike 0-1: Fly out, F7 (Line Drive, 78M, EV 92.5 MPH)
|
Bottom of the 4th over - 1 run, 0 hits, 0 errors, 2 left on base; New Jersey 0 - Canton 6 |
TOP OF THE 5TH |
New Jersey Devils batting - Pitching for Canton Indians : LHP Enrique Espinoza
|
Batting: LHB Joe Edwards
|
0-0: Ball 1-0: Swinging Strike 1-1: Ground out U3 (Groundball, 34D, EV 80.0 MPH)
|
Batting: LHB Antonio Davila
|
0-0: Ball 1-0: Called Strike 1-1: Ball 2-1: Foul Ball, location: 2F 2-2: Strikes out swinging
|
Batting: RHB Jeremy Delka
|
0-0: Ball 1-0: Ball 2-0: Ball 3-0: Called Strike 3-1: Ground out 5-3 (Groundball, 56, EV 84.4 MPH)
|
Top of the 5th over - 0 runs, 0 hits, 0 errors, 0 left on base; New Jersey 0 - Canton 6 |
BOTTOM OF THE 5TH |
Canton Indians batting - Pitching for New Jersey Devils : RHP Frank Emery
|
Batting: RHB Jose Rodriguez
|
0-0: Ball 1-0: SINGLE (Groundball, 6MD, EV 106.2 MPH)
|
Batting: RHB Leo Villa
|
0-0: Ball 1-0: Ball 2-0: Reached on error, E9 (Flyball, 9, EV 96.2 MPH) Jose Rodriguez to second
|
Batting: RHB Xavier Bartolani
|
0-0: Foul Ball, location: 2F 0-1: Called Strike 0-2: Strikes out swinging
|
Batting: RHB George Wagner
|
0-0: Ball 1-0: Ball 2-0: Called Strike 2-1: SINGLE (Line Drive, 4D, EV 98.8 MPH) Jose Rodriguez to third Leo Villa to second
|
Batting: RHB Tacito Carreiro
|
0-0: Single, Error in OF, E7, batter to second base (Line Drive, 78S, EV 100.0 MPH) Jose Rodriguez scores Leo Villa scores George Wagner to third
|
Pitching: LHP Bryce Anderson
|
|
Batting: LHB Dave Key
|
0-0: Ball 1-0: Ball Wild Pitch! George Wagner scores Tacito Carreiro to third 2-0: Called Strike 2-1: Ball 3-1: Foul Ball, location: 2F 3-2: Foul Ball, location: 2F 3-2: Base on Balls
|
Batting: SHB Javon Mitchell
|
0-0: Ball 1-0: Ball 2-0: Ball 3-0: Called Strike 3-1: Foul Ball, location: 2F 3-2: Ground out 5-3 (Groundball, 5S, EV 68.1 MPH) Tacito Carreiro scores Dave Key to second
|
Batting: RHB Jose Argueta
|
0-0: Called Strike 0-1: Foul Ball, location: 2F 0-2: Ball 1-2: Ball 2-2: Ground out 5-3 (Groundball, 56, EV 86.9 MPH)
|
Bottom of the 5th over - 4 runs, 3 hits, 2 errors, 1 left on base; New Jersey 0 - Canton 10 |
TOP OF THE 6TH |
New Jersey Devils batting - Pitching for Canton Indians : LHP Enrique Espinoza
|
Batting: RHB Emanuel Anochondo
|
0-0: Foul Ball, location: 2F 0-1: Ball 1-1: Ball 2-1: SINGLE (Line Drive, 6D, EV 103.1 MPH)
|
Batting: RHB Eric Zylstra
|
0-0: Ball 1-0: Called Strike 1-1: Called Strike 1-2: Foul Ball, location: 2F 1-2: Ground out 4-3 (Groundball, 4MD, EV 94.4 MPH) Emanuel Anochondo to second
|
Batting: RHB Sam Callahan
|
0-0: Called Strike 0-1: Swinging Strike 0-2: Strikes out swinging
|
Batting: RHB Nate Henderson
|
0-0: Foul Ball, location: 2F 0-1: Ball 1-1: Ball 2-1: Swinging Strike 2-2: Strikes out looking
|
Top of the 6th over - 0 runs, 1 hit, 0 errors, 1 left on base; New Jersey 0 - Canton 10 |
BOTTOM OF THE 6TH |
Canton Indians batting - Pitching for New Jersey Devils : LHP Bryce Anderson
|
Pitching: LHP Jesus Espitia
|
|
Batting: SHB Luis de Leon
|
0-0: Called Strike 0-1: Ball 1-1: Ball 2-1: Called Strike 2-2: Ball 3-2: Fly out, F8 (Flyball, 89M, EV 73.8 MPH)
|
Batting: RHB Jose Rodriguez
|
0-0: Ground out 6-3 (Groundball, 6, EV 83.8 MPH)
|
Batting: RHB Leo Villa
|
0-0: Swinging Strike 0-1: Fly out, F4 (Flyball, 4MD, EV 92.5 MPH)
|
Bottom of the 6th over - 0 runs, 0 hits, 0 errors, 0 left on base; New Jersey 0 - Canton 10 |
TOP OF THE 7TH |
New Jersey Devils batting - Pitching for Canton Indians : LHP Enrique Espinoza
|
Batting: RHB Bill Crogan
|
0-0: Ball 1-0: Ball 2-0: Ball 3-0: Called Strike 3-1: Foul Ball, location: 2F 3-2: Base on Balls
|
Pitching: RHP Kenny Samuels
|
|
Batting: RHB Juan Medina
|
0-0: Called Strike 0-1: Ball 1-1: Ball 2-1: Foul Ball, location: 2F 2-2: Strikes out swinging
|
Batting: LHB Joe Edwards
|
0-0: Sac Bunt to 15S - play at first, batter OUT! 1-3 Bill Crogan to second
|
Batting: LHB Antonio Davila
|
0-0: Ball 1-0: Called Strike 1-1: Ground out U3 (Groundball, 3L, EV 98.8 MPH)
|
Top of the 7th over - 0 runs, 0 hits, 0 errors, 1 left on base; New Jersey 0 - Canton 10 |
BOTTOM OF THE 7TH |
Canton Indians batting - Pitching for New Jersey Devils : LHP Jesus Espitia
|
Batting: RHB Xavier Bartolani
|
0-0: Ball 1-0: Fly out, F8 (Flyball, 8LM, EV 79.4 MPH)
|
Batting: RHB George Wagner
|
0-0: Foul Ball, location: 2F 0-1: Ball 1-1: Ball 2-1: Ball 3-1: Base on Balls
|
Batting: RHB Tacito Carreiro
|
0-0: Ball 1-0: Ball 2-0: Ball 3-0: Called Strike 3-1: Base on Balls George Wagner to second
|
Pitching: RHP Justin Williams
|
|
Pinch Hitting: RHB Joe Shade
|
0-0: Called Strike 0-1: Ball 1-1: Foul Ball, location: 2LF, Error on foul ball, E2 1-2: Ball 2-2: Strikes out swinging
|
Pinch Hitting: RHB Charles Blatchford
|
0-0: Foul Ball, location: 2F 0-1: Foul Ball, location: 2F 0-2: Strikes out looking
|
Bottom of the 7th over - 0 runs, 0 hits, 1 error, 2 left on base; New Jersey 0 - Canton 10 |
TOP OF THE 8TH |
New Jersey Devils batting - Pitching for Canton Indians : RHP Kenny Samuels
|
Now at 3B: Joe Shade
|
|
Now at SS: Charles Blatchford
|
|
Batting: RHB Jeremy Delka
|
0-0: Swinging Strike 0-1: Foul Ball, location: 2F 0-2: Strikes out swinging
|
Batting: RHB Emanuel Anochondo
|
0-0: Foul Ball, location: 2F 0-1: Ball 1-1: Called Strike 1-2: Foul Ball, location: 2F 1-2: Ball 2-2: Ball 3-2: Strikes out swinging
|
Batting: RHB Eric Zylstra
|
0-0: Called Strike 0-1: Ball 1-1: Swinging Strike 1-2: Strikes out swinging
|
Top of the 8th over - 0 runs, 0 hits, 0 errors, 0 left on base; New Jersey 0 - Canton 10 |
BOTTOM OF THE 8TH |
Canton Indians batting - Pitching for New Jersey Devils : RHP Justin Williams
|
Batting: RHB Jose Argueta
|
0-0: Ball 1-0: Ball 2-0: Ball 3-0: Base on Balls
|
Batting: SHB Luis de Leon
|
0-0: Swinging Strike 0-1: Ball 1-1: Foul Ball, location: 2F 1-2: Strikes out swinging
|
Batting: RHB Jose Rodriguez
|
0-0: Grounds into double play, 5-4-3 (Groundball, 56S, EV 80.0 MPH)
|
Bottom of the 8th over - 0 runs, 0 hits, 0 errors, 0 left on base; New Jersey 0 - Canton 10 |
TOP OF THE 9TH |
New Jersey Devils batting - Pitching for Canton Indians : RHP Kenny Samuels
|
Batting: RHB Sam Callahan
|
0-0: Swinging Strike 0-1: Ball 1-1: Ball 2-1: Foul Ball, location: 2F 2-2: Strikes out swinging
|
Batting: RHB Nate Henderson
|
0-0: Ground out 4-3 (Groundball, 4, EV 103.1 MPH)
|
Batting: RHB Bill Crogan
|
0-0: Foul Ball, location: 2F 0-1: Ball 1-1: Ball 2-1: Called Strike 2-2: Ball 3-2: Strikes out swinging
|
Top of the 9th over - 0 runs, 0 hits, 0 errors, 0 left on base; New Jersey 0 - Canton 10 |
|